 Dungeon Crawl Stone Soup version 0.27.1-34-g3ba077fa99 (webtiles) character file.

Game seed: 16582204893017127194

15 redakteurs the Sneak (level 2, 22/22 HPs)
             Began as a Vampire Brigand on Jan 8, 2022.
             Quit the game on level 1 of the Dungeon.
             The game lasted 00:04:27 (377 turns).

redakteurs the Sneak (Vampire Brigand)               Turns: 377, Time: 00:04:27

Health: 22/22      AC:  4    Str: 10    XL:     2   Next: 34%
Magic:  2/2        EV: 11    Int: 13    God:
Gold:   28         SH:  0    Dex: 15    Spells: 1/1 levels left

rFire    . . .     SeeInvis +   a - +2 dagger
rCold    . . .     Faith    .   (no shield)
rNeg     . . .     Spirit   .   j - +0 leather armour
rPois    .         Reflect  .   (no helmet)
rElec    .         Harm     .   c - +0 cloak
rCorr    .         Rampage  .   (no gloves)
Will     .....                  (no boots)
Stlth    +++.......             (no amulet)
HPRegen  0.27/turn              (no ring)
MPRegen  0.08/turn              (no ring)

@: healing quickly
A: alive, fangs 3, see invisible, vampiric 1
a: Exsanguinate


You were on level 1 of the Dungeon.
You visited 1 branch of the dungeon, and saw 1 of its levels.

You collected 28 gold pieces.

Inventory:

Hand Weapons
 a - a +2 dagger (weapon)
 f - a +0 great sword
 k - a +0 dagger
 m - a +0 dagger
Missiles
 d - 7 poisoned darts (quivered)
 e - 2 curare-tipped darts
 g - 26 arrows
Armour
 b - a +0 robe
 c - a +0 cloak (worn)
 h - a +0 robe
 j - a +0 leather armour (worn)
Scrolls
 i - a scroll of amnesia {unknown}
 l - a scroll of identify {unknown}
Potions
 n - a potion of attraction {unknown}


   Skills:
 + Level 1.8 Fighting
 + Level 2.5 Short Blades
 + Level 1.7 Throwing
 + Level 1.1 Dodging
 + Level 6.4 Stealth


You had one spell level left.
You didn't know any spells.
Your spell library was empty.

Dungeon Overview and Level Annotations

Branches:
Dungeon (1/15)

Altars:


Innate Abilities, Weirdness & Mutations

Your natural rate of healing is accelerated.
You have razor-sharp teeth.
You have supernaturally acute eyesight. (SInv)
You are afflicted with vampirism.


Message History

You throw a poisoned dart. The poisoned dart hits the goblin.
Throw: 4 darts (poison)
Press: ? - help, Q - select action, (/) - cycle Shift-Dir - straight line, f/p - goblin
Aim: a goblin, wielding a +0 dagger (50% to hit)
You throw a poisoned dart. The poisoned dart misses the goblin.
The goblin hits you but does no damage.
You hit the goblin.
You kill the goblin!
Things that are here:
a +0 dagger; a goblin corpse
m - a +0 dagger
d - 4 poisoned darts (gained 1)
There are no items here.
d - 6 poisoned darts (gained 2)
There are no items here.
d - 7 poisoned darts (gained 1)
There are no items here.
Found 6 gold pieces.
n - a white potion
There are no items here.
Found 22 stones.
A ball python comes into view.
You see here 6 gold pieces.
You now have 28 gold pieces (gained 6).
Throw: 7 darts (poison)
Press: ? - help, Q - select action, (/) - cycle Shift-Dir - straight line, f - ball python
Aim: a ball python (asleep, 98% to hit)
You throw a poisoned dart. The poisoned dart hits the ball python.
The ball python is poisoned.
Unknown command.
You hit the ball python.
You kill the ball python!
d - 7 poisoned darts (gained 1)
There are no items here.
Unknown command.
Unknown command.
Enter note: Welcome back, redakteurs the Vampire Brigand.
Press ? for a list of commands and other information.
Are you sure you want to abandon this character and quit the game? (Confirm with "yes".)

#.###
#...(...##.......#.†.. #.
###.......########.#..(.
...........##............
###........#..######.>...
.........................
..............#######...†
.####.......†.## #....
###.......#.## #....
.......@.....# #....
...#######...# #.... ..
##..# ##... #### #.†.
#... #... #... #... ####


There were no monsters in sight!

Vanquished Creatures
  2 ball pythons (D:1)
  An endoplasm (D:1)
  2 goblins (D:1)
  A hobgoblin (D:1)
  2 quokkas (D:1)
  2 bats (D:1)
  A frilled lizard (D:1)
  2 rats (D:1)
13 creatures vanquished.

Notes
Turn   | Place    | Note
-------+----------+-------------------------------------------
     0 | D:1      | redakteurs the Vampire Brigand began the quest for the Orb.
     0 | D:1      | Reached XP level 1. HP: 16/16 MP: 1/1
    28 | D:1      | Reached skill level 6 in Stealth
   156 | D:1      | Reached XP level 2. HP: 22/22 MP: 2/2
   377 | D:1      | Quit the game

Illustrated notes

Levels and vault maps discovered:
D:1:      psy_arrival_radial01, layout_rooms

Skill      XL: |  1 |
---------------+----+-----
Stealth        | 6 |  6.4
Fighting       | |  1.8
Short Blades   | |  2.5
Throwing       | |  1.7
Dodging        | |  1.1

Action                   || total
-------------------------++-------
Melee: Dagger            ||    12
       Bite              ||     1
Throw: Dart              ||    34
Armor: Robe              ||     5
       Leather armour    ||     8
Dodge: Dodged            ||    10
